 Dungeon Crawl Stone Soup version 0.23-a0-730-g0b75920 (console) character file.

17 Voker57 the Slasher (level 2, -2/22 HPs)
             Began as a Demonspawn Gladiator on Jan 17, 2019.
             Slain by Sigmund
             ... wielding a +0 scythe
              (10 damage)
             ... on level 2 of the Dungeon.
             The game lasted 00:00:41 (725 turns).

Voker57 the Slasher (Demonspawn Gladiator)           Turns: 725, Time: 00:00:42

Health: -2/22      AC:  4    Str: 14    XL:     2   Next: 44%
Magic:  2/2        EV: 12    Int:  9    God:
Gold:   33         SH:  0    Dex: 14    Spells: 1/1 levels left

rFire    . . .     SeeInvis .   a - +0 long sword
rCold    . . .     Gourm    .   (no shield)
rNeg     . . .     Faith    .   b - +0 leather armour
rPois    .         Spirit   .   c - +0 helmet
rElec    .         Reflect  .   (no cloak)
rCorr    .         Harm     .   (no gloves)
MR       .....                  (no boots)
Stlth    +.........             (no amulet)
HPRegen  0.07/turn              (no ring)
MPRegen  0.08/turn              (no ring)

@: no status effects
A: powered by death 1
a: no special abilities


You were on level 2 of the Dungeon.
You were not hungry.

You visited 1 branch of the dungeon, and saw 2 of its levels.

You collected 33 gold pieces.

Inventory:

Hand Weapons
 a - a +0 long sword (weapon)
Missiles
 d - 3 throwing nets (quivered)
Armour
 b - a +0 leather armour (worn)
 c - a +0 helmet (worn)
Jewellery
 g - an uncursed amulet of harm {unknown}
 l - an uncursed ring of wizardry {unknown}
 p - an uncursed amulet of rage {unknown}
Scrolls
 h - 4 scrolls of identify {unknown}
 i - a scroll of fear {unknown}
 m - a scroll of remove curse {unknown}
 n - a scroll of enchant weapon {unknown}
 o - a scroll of magic mapping {unknown}
Potions
 e - a potion of curing {unknown}
 j - a potion of lignification {unknown}
 k - a potion of mutation {unknown}
Comestibles
 f - 2 rations


   Skills:
 + Level 2.2 Fighting
 * Level 3.0 Long Blades
 - Level 1.7 Throwing
 + Level 0.6 Armour
 + Level 2.8 Dodging


You had one spell level left.
You didn't know any spells.
Your spell library was empty.

Dungeon Overview and Level Annotations

Branches:
Dungeon (2/15)

Altars:
Okawaru

Annotations:
D:2 Sigmund


Innate Abilities, Weirdness & Mutations

You regenerate a little health from kills.


Message History

You bump into the rock wall.
Sigmund barely misses you. The worm bites you but does no damage.
You bump into the rock wall.
You completely miss the worm.
The worm is moderately wounded.
Sigmund mumbles some strange words.
Sigmund flickers and vanishes!
Deactivating autopickup; reactivate with Ctrl-A.
The worm closely misses you. Something hits you but does no damage.
You hit the worm but do no damage.
The worm is lightly wounded.
The worm bites you.
You hit the worm.
The worm is lightly wounded.
You feel less confused. Something hits you.
You hit the worm but do no damage.
The worm is lightly wounded.
Something hits you!
You die...

.# #.#
##########.##
#...≈g≈.....##
#.8.≈≈≈......##
#8_8..........#
#.8.≈≈≈.......#
#...≈g≈.......#
##########.#.##
........@w.# #
####.#{###.# #.
#>.. #. ####.#
#. # #. #. #.


You could see a worm.

Vanquished Creatures
  3 goblins (D:1)
  3 hobgoblins (D:1)
  6 kobolds (D:1)
  3 bats (D:1)
  A frilled lizard (D:1)
  2 rats (D:1)
18 creatures vanquished.

Notes
Turn   | Place    | Note
-------+----------+-------------------------------------------
     0 | D:1      | Voker57 the Demonspawn Gladiator began the quest for the
                  | Orb.
     0 | D:1      | Reached XP level 1. HP: 16/16 MP: 1/1
   103 | D:1      | Gained mutation: You regenerate a little health from kills.
                  | [demonic ancestry]
   103 | D:1      | Reached XP level 2. HP: 14/22 MP: 2/2
   126 | D:1      | Reached skill level 3 in Long Blades
   705 | D:2      | Found an iron altar of Okawaru.
   715 | D:2      | Noticed Sigmund
   725 | D:2      | Slain by Sigmund

Vault maps used:
D:1:      minmay_arrival_shattered_statue
D:2:      kennysheep_okawaru_gauntlet, uniq_sigmund

Skill      XL: |  1  2 |
---------------+-------+-----
Long Blades    | 3 |  3.0
Fighting       | |  2.2
Throwing       | |  1.7
Armour         | |  0.6
Dodging        | |  2.8

Action                   || total
-------------------------++-------
Melee: Long sword        ||    38
Armor: Leather armour    ||     8
Dodge: Dodged            ||    28
       Rpst.: Long sword ||     8

Table legend:
 A = Non-vault XP
 B = Vault XP
 C = Vault XP percentage of total XP
 D = Non-vault monster count
 E = Vault monster count
 F = Vault count percentage of total count
                 A         B        C        D         E       F
            +---------+---------+-------+---------+---------+-------
      Total |      25 |       0 |   0.0 |      18 |       0 |   0.0
            +---------+---------+-------+---------+---------+-------
        D:1 |      25 |       0 |   0.0 |      18 |       0 |   0.0
            +---------+---------+-------+---------+---------+-------
